 Dungeon Crawl Stone Soup version 0.31-a0-1206-g41278d8d1d (webtiles) character file.

Game seed: 14603480103481486245

60 Curundu the Slasher (level 3, -2/33 HPs)
             Began as a Draconian Berserker on Dec 13, 2023.
             Was a Believer of Trog.
             Slain by Terence
             ... wielding a +0 falchion
              (7 damage)
             ... on level 2 of the Dungeon.
             The game lasted 00:06:46 (1511 turns).

Curundu the Slasher (Draconian Berserker)           Turns: 1511, Time: 00:06:47

Health: -2/33      AC:  5    Str: 21    XL:     3   Next: 80%
Magic:  3/3        EV: 12    Int:  7    God:    Trog [**....]
Gold:   55         SH:  5    Dex: 10    Spells: 2/2 levels left

rFire   . . .        a - +0 falchion
rCold   . . .        (no shield)
rNeg    . . .        (body armour unavailable)
rPois   .            (helmet restricted)
rElec   .            (no cloak)
rCorr   .            (no gloves)
SInv    .            (no boots)
Will    .....        i - amulet of reflection
Stlth   +            (no ring)
HPRegen 0.25/turn    (no ring)
MPRegen 0.08/turn

%: reflection
@: no status effects
A: AC +5, unfitting armour, cold-blooded
a: Renounce Religion, Berserk, Trog's Hand


You were on level 2 of the Dungeon.
You worshipped Trog.
Trog was pleased with you.
You visited 1 branch of the dungeon, and saw 2 of its levels.

You collected 55 gold pieces.

Inventory:

Hand Weapons
 a - a +0 falchion (weapon)
Jewellery
 i - an amulet of reflection (around neck)
Scrolls
 e - 2 scrolls of poison {unknown}
 f - a scroll of blinking {unknown}
 g - a scroll of butterflies {unknown}
Potions
 b - a potion of mutation {unknown}
 c - a potion of cancellation {unknown}
 d - 2 potions of curing {unknown}
 h - 2 potions of degeneration {unknown}


   Skills:
 + Level 3.8 Fighting
 + Level 3.9 Long Blades
 + Level 3.2 Dodging


You had 2 spell levels left.
You didn't know any spells.
Your spell library contained the following spells:

 Spells                   Type           Power      Damage    Failure   Level
 Call Canine Familiar     Summ           0%         N/A       80%         3
 Sigil of Binding         Hex            0%         N/A       80%         3
 Dimensional Bullseye     Hex/Tloc       0%         N/A       99%         4
 Leda's Liquefaction      Hex/Erth       0%         N/A       99%         4


Dungeon Overview and Level Annotations

Branches:
Dungeon (2/15)

Altars:

Shops:
D:1 *=[*

Annotations:
D:2 Terence


Innate Abilities, Weirdness & Mutations

Your plain brown scales are hard. (AC +5)
You cannot fit into any form of body armour.
You are cold-blooded and may be slowed by cold attacks.


Message History

Terence, a hobgoblin and a bat come into view.
Terence shouts!
An endoplasm comes into view.
The bat moves out of view.
Activating: Trog's Hand (2% risk of failure)
Press: ? - help, Q - select action Dir - look around, f - activate Your skin crawls.
You feel strong-willed.
The hobgoblin shouts!
The endoplasm quivers.
You feel the effects of Trog's Hand fading.
Terence closely misses you.
You hit Terence but do no damage. You block Terence's attack.
You hit Terence.
Terence is lightly wounded.
You block Terence's attack. Terence closely misses you.
You hit Terence.
You tail-slap Terence, but do no damage.
You punch Terence.
Terence is moderately wounded.
Terence hits you with a +0 falchion!
You hit Terence but do no damage.
Terence is moderately wounded.
Terence hits you with a +0 falchion.
You closely miss Terence.
Terence is moderately wounded.
Your skin stops crawling.
You feel less strong-willed. Terence hits you with a +0 falchion!
You hit Terence.
Terence is heavily wounded.
Terence hits you with a +0 falchion.
You barely miss Terence.
Terence is heavily wounded.
Terence hits you with a +0 falchion!
* * * LOW HITPOINT WARNING * * *
You barely miss Terence.
Terence is heavily wounded.
Terence hits you with a +0 falchion!
You die...
Terence says, "Time to find some more victims."

#.........J...g.. .... ##.#
######........@......######+ ##.#
.....'............!. ≈....###..#
....##...........#####≈....#...[.
...<+........>...#...#≈....###.##
....#..........###...#≈≈≈≈≈###.#
....#.........g###...'#######..##
....+.........J@##.........†.....
....##.......###@.........##...#.
....##.....:.#≈##########....#.#.
....##.......#≈# ######.##.#.#
.............#≈## #.........#.#
#######..≈.####.####.####.#
#..~......# #......# #..~.####.#
######## #.#### #.# #.# #.#


You could see Terence, an endoplasm and a hobgoblin.

Vanquished Creatures
  A gnoll (D:1)
  A dart slug (D:1)
  5 bats
  2 endoplasms (D:2)
  A giant cockroach (D:2)
  6 goblins
  4 hobgoblins (D:1)
  6 jackals
  4 kobolds (D:1)
  A quokka (D:2)
  7 ball pythons
  4 frilled lizards
  A rat (D:1)
43 creatures vanquished.

Notes
Turn   | Place    | Note
-------+----------+-------------------------------------------
     0 | D:1      | Curundu the Draconian Berserker began the quest for the
                  | Orb.
     0 | D:1      | Reached XP level 1. HP: 19/19 MP: 1/1
   172 | D:1      | Found Yminaloi's Jewellery Boutique.
   184 | D:1      | Reached XP level 2. HP: 26/26 MP: 2/2
   240 | D:1      | Found Jugia's Assorted Antiques.
   445 | D:1      | Reached XP level 3. HP: 31/33 MP: 3/3
   571 | D:1      | Found Ranaba's Armour Shoppe.
   612 | D:1      | Found Wupaw's Assorted Antiques.
   679 | D:1      | Found a faded altar of an unknown god.
   791 | D:1      | Reached ** piety under Trog
  1492 | D:2      | Noticed Terence
  1511 | D:2      | Slain by Terence

Illustrated notes

Levels and vault maps discovered:
D:1:      mainiacjoe_arrival_reflecting_pool, layout_basic, serial_shops,
          nicolae_shop_window_shopping, shop, shop, shop,
          shapermc_ecumenical_altar_acropolis
D:2:      minmay_door_path, layout_basic, serial_rivers,
          chequers_serial_rivers_room_b, chequers_serial_rivers_large_a,
          chequers_serial_rivers_room_a, chequers_serial_rivers_micro_e,
          chequers_serial_rivers_micro_b, chequers_serial_rivers_micro_d,
          uniq_terence

Skill      XL: |  1  2 |
---------------+-------+-----
Dodging        | 3 |  3.2
Fighting       | |  3.8
Long Blades    | |  3.9

Action                     || total
---------------------------++-------
  Melee: Falchion          ||   150
         Tailslap          ||    12
         Punch             ||     2
 Invoke: Trog's Hand       ||     1
 Armour: Skin              ||    88
  Dodge: Dodged            ||   116
  Block: Other             ||     3

Table legend: (Time is in decaauts)
 A = Elapsed time spent in this place.
 B = Non-inter-level travel time spent in this place.
 C = Inter-level travel time spent in this place.
 D = Time resting spent in this place.
 E = Time spent auto-exploring this place.
 F = Levels seen in this place.
 G = Mean time per level.
                   A        B        C        D        E       F      G
               +--------+--------+--------+--------+--------+-----+--------+
         Total |   1531 |   1529 |      2 |    150 |    988 |   2 |  765.5 |
       Dungeon |   1531 |   1529 |      2 |    150 |    988 |   2 |  765.5 |
               +--------+--------+--------+--------+--------+-----+--------+

Top non-repeatable levels by time:
     D:1: 1185 daAuts
     D:2: 345 daAuts
